[ AOE2 MATCH · #477681140 ]
Team RMKoreans vs Ethiopians
[ REPLAY ANALYSIS · EXTRACTED FROM THE RECORDED GAME ]
Feudal
13:19
Castle
18:42
Imperial
35:28
| APM avg | 20.1 |
| APM peak | 77 |
| eAPM avg | 12.7 |
| Villagers / military | 111 / 473 |
Focus
⚔️ 31.0% · 🌾 69.0%
War Wagon ×360 · Iron Pagoda ×98 · Trade Cart ×55 · Bombard Cannon ×9 · Trebuchet (Packed) ×4 · Scorpion ×2
Feudal
—
Castle
—
Imperial
—
| APM avg | 23.1 |
| APM peak | 92 |
| eAPM avg | 18.1 |
| Villagers / military | 211 / 543 |
Focus
⚔️ 43.9% · 🌾 56.1%
Knight ×110 · Spearman ×102 · Skirmisher ×90 · Trade Cart ×73 · Conquistador ×69 · Archer ×57
Feudal
—
Castle
—
Imperial
—
| APM avg | 14.6 |
| APM peak | 65 |
| eAPM avg | 12.8 |
| Villagers / military | 164 / 246 |
Focus
⚔️ 40.7% · 🌾 59.3%
Mangonel ×174 · Archer ×56 · Trade Cart ×15 · Spearman ×10 · Monk ×6
Feudal
11:01
Castle
20:24
Imperial
34:48
| APM avg | 19.1 |
| APM peak | 66 |
| eAPM avg | 15.0 |
| Villagers / military | 220 / 437 |
Focus
⚔️ 48.8% · 🌾 51.2%
Spearman ×289 · Archer ×112 · Trade Cart ×29 · Bombard Cannon ×25 · War Elephant ×8 · Trebuchet (Packed) ×2
Feudal
—
Castle
—
Imperial
—
| APM avg | 27.2 |
| APM peak | 65 |
| eAPM avg | 20.9 |
| Villagers / military | 154 / 544 |
Focus
⚔️ 54.7% · 🌾 45.3%
Scout Cavalry ×218 · Mangudai ×167 · Knight ×66 · Mangonel ×53 · Trade Cart ×41 · Trebuchet (Packed) ×33
Feudal
—
Castle
—
Imperial
—
| APM avg | 2.0 |
| APM peak | 35 |
| eAPM avg | 0.6 |
| Villagers / military | 15 / 0 |
Focus
⚔️ 8.9% · 🌾 91.1%
Feudal
11:38
Castle
29:32
Imperial
54:12
| APM avg | 16.2 |
| APM peak | 68 |
| eAPM avg | 9.9 |
| Villagers / military | 126 / 236 |
Focus
⚔️ 42.8% · 🌾 57.2%
Camel Scout ×201 · Trade Cart ×31 · Armored Elephant ×25 · Bombard Cannon ×10
Feudal
12:00
Castle
16:57
Imperial
34:03
| APM avg | 27.3 |
| APM peak | 98 |
| eAPM avg | 22.3 |
| Villagers / military | 157 / 702 |
Focus
⚔️ 56.9% · 🌾 43.1%
Coustillier ×687 · Trade Cart ×32 · Trebuchet (Packed) ×11 · Mangonel ×4
Match map
Initial resources + every placement click. Lines = walls · curves = elevation contours. ◆ gold · ⬟ stone · ● berries · ✦ relic · ◌ wall gap
Your base· ✓ Closed at 18:42 · 0t walls · no gate
PrawnUnit4591's base· ✓ Closed at 20:37 · 33t walls · 2 gate(s)
Roarindragon381's base· Open — opponent sealed themselves in
AE75's base· ✓ Closed at 20:24 · 57t walls · 2 gate(s)
Gamer206229's base· ✓ Closed at 13:01 · 0t walls · fragile
S3r!ousLE3's base· ✓ Closed at 12:00 · 0t walls · no gate
NoThing_LK's base· ✓ Closed at 29:32 · 0t walls · no gate
guinui801008's base· ✓ Closed at 16:57 · 0t walls · fragile
Smoothed initial terrain · ◌ = detected wall gap · hover for details
Inputs per minute
— Nurz - - PrawnUnit4591
Build order — Nurz
First 150 of 384 actions detected
| 0:06 | Build | House |
| 0:08 | Build | House |
| 0:12 | Create | Villager (Male) |
| 0:15 | Research | Loom |
| 0:44 | Create | Villager (Male) |
| 0:45 | Create | Villager (Male) |
| 0:59 | Create | Villager (Male) |
| 0:59 | Create | Villager (Male) |
| 1:43 | Create | Villager (Male) |
| 1:43 | Create | Villager (Male) |
| 2:23 | Create | Villager (Male) |
| 2:31 | Create | Villager (Male) |
| 2:31 | Create | Villager (Male) |
| 3:10 | Create | Villager (Male) |
| 3:10 | Create | Villager (Male) |
| 3:11 | Create | Villager (Male) |
| 3:11 | Create | Villager (Male) |
| 3:21 | Create | Villager (Male) |
| 3:21 | Create | Villager (Male) |
| 3:53 | Create | Villager (Male) |
| 3:53 | Create | Villager (Male) |
| 4:03 | Build | Mill |
| 4:08 | Create | Villager (Male) |
| 4:08 | Create | Villager (Male) |
| 4:36 | Build | House |
| 4:38 | Create | Villager (Male) |
| 4:39 | Create | Villager (Male) |
| 5:34 | Create | Villager (Male) |
| 5:35 | Create | Villager (Male) |
| 5:35 | Create | Villager (Male) |
| 5:57 | Create | Villager (Male) |
| 5:57 | Create | Villager (Male) |
| 6:02 | Build | House |
| 6:03 | Build | House |
| 6:26 | Build | House |
| 6:28 | Create | Villager (Male) |
| 7:18 | Create | Villager (Male) |
| 7:18 | Create | Villager (Male) |
| 7:18 | Create | Villager (Male) |
| 7:23 | Create | Villager (Male) |
| 7:34 | Build | House |
| 7:53 | Build | Lumber Camp |
| 8:15 | Build | Lumber Camp |
| 8:21 | Create | Villager (Male) |
| 8:21 | Create | Villager (Male) |
| 9:02 | Create | Villager (Male) |
| 9:10 | Build | House |
| 9:13 | Create | Villager (Male) |
| 9:13 | Create | Villager (Male) |
| 9:13 | Create | Villager (Male) |
| 9:19 | Create | Villager (Male) |
| 9:20 | Create | Villager (Male) |
| 10:51 | Build | Mining Camp |
| 10:57 | Research | Feudal Age |
| 11:01 | Build | House |
| 11:15 | Create | Villager (Male) |
| 11:15 | Create | Villager (Male) |
| 12:17 | Build | House |
| 12:29 | Create | Villager (Male) |
| 12:30 | Create | Villager (Male) |
| 13:19 | Age | Feudal Age |
| 13:54 | Build | Lumber Camp |
| 13:59 | Create | Villager (Male) |
| 14:25 | Build | Blacksmith |
| 14:35 | Build | Market |
| 14:51 | Build | Market |
| 15:34 | Build | Mining Camp |
| 15:37 | Create | Villager (Male) |
| 15:40 | Research | Castle Age |
| 16:01 | Build | Farm |
| 16:02 | Build | Farm |
| 16:02 | Build | Farm |
| 16:02 | Build | Farm |
| 16:02 | Build | Farm |
| 16:03 | Build | Farm |
| 16:04 | Build | Farm |
| 16:07 | Research | Horse Collar |
| 16:16 | Build | Farm |
| 17:23 | Build | House |
| 17:31 | Create | Trade Cart |
| 17:53 | Create | Trade Cart |
| 18:42 | Age | Castle Age |
| 18:47 | Create | Villager (Male) |
| 18:47 | Create | Villager (Male) |
| 18:58 | Build | Town Center |
| 19:06 | Build | Town Center |
| 19:14 | Research | Wheelbarrow |
| 19:22 | Research | Double-Bit Axe |
| 19:26 | Research | Heavy Plow |
| 19:30 | Research | Gold Mining |
| 19:52 | Create | Villager (Male) |
| 19:52 | Create | Villager (Male) |
| 20:02 | Build | House |
| 20:02 | Build | House |
| 20:07 | Create | Trade Cart |
| 20:21 | Create | Villager (Male) |
| 20:21 | Create | Villager (Male) |
| 20:29 | Create | Villager (Male) |
| 20:29 | Create | Villager (Male) |
| 20:52 | Build | Farm |
| 20:53 | Build | Farm |
| 20:54 | Build | Farm |
| 21:01 | Build | Farm |
| 21:02 | Build | Farm |
| 21:13 | Build | Farm |
| 21:15 | Create | Villager (Male) |
| 21:15 | Create | Villager (Male) |
| 21:15 | Create | Villager (Male) |
| 21:25 | Create | Villager (Male) |
| 21:25 | Create | Villager (Male) |
| 21:36 | Build | Farm |
| 21:36 | Build | Farm |
| 21:42 | Create | Trade Cart |
| 21:49 | Build | Farm |
| 21:53 | Build | House |
| 21:56 | Create | Villager (Male) |
| 21:56 | Create | Villager (Male) |
| 22:00 | Build | Farm |
| 22:05 | Build | Farm |
| 22:10 | Create | Villager (Male) |
| 22:10 | Create | Villager (Male) |
| 22:14 | Build | Farm |
| 22:19 | Build | Farm |
| 22:26 | Create | Villager (Male) |
| 22:26 | Create | Villager (Male) |
| 22:36 | Build | Farm |
| 22:38 | Create | Villager (Male) |
| 22:39 | Create | Villager (Male) |
| 22:43 | Build | Farm |
| 22:52 | Build | Farm |
| 22:54 | Create | Villager (Male) |
| 22:55 | Create | Villager (Male) |
| 23:09 | Create | Villager (Male) |
| 23:09 | Create | Villager (Male) |
| 23:13 | Build | House |
| 23:19 | Create | Villager (Male) |
| 23:19 | Create | Villager (Male) |
| 23:23 | Create | Trade Cart ×2 |
| 23:38 | Create | Villager (Male) |
| 23:39 | Create | Villager (Male) |
| 23:41 | Create | Villager (Male) |
| 23:41 | Create | Villager (Male) |
| 23:52 | Create | Villager (Male) |
| 23:52 | Create | Villager (Male) |
| 23:52 | Create | Villager (Male) |
| 24:01 | Build | House |
| 24:02 | Build | House |
| 24:08 | Build | Market |
| 24:09 | Create | Villager (Male) |
| 24:10 | Create | Villager (Male) |
Build order — PrawnUnit4591
First 150 of 999 actions detected
| 0:02 | Create | Villager (Male) |
| 0:02 | Create | Villager (Male) |
| 0:02 | Create | Villager (Male) |
| 0:03 | Create | Villager (Male) |
| 0:10 | Build | House |
| 0:12 | Build | House |
| 1:38 | Create | Villager (Male) |
| 2:26 | Create | Villager (Male) |
| 2:36 | Build | House |
| 2:39 | Build | House |
| 2:43 | Build | House |
| 2:45 | Build | House |
| 2:52 | Create | Villager (Male) |
| 3:14 | Create | Villager (Male) |
| 3:15 | Create | Villager (Male) |
| 3:39 | Create | Villager (Male) |
| 3:39 | Create | Villager (Male) |
| 4:32 | Build | Mill |
| 4:34 | Create | Villager (Male) |
| 4:35 | Create | Villager (Male) |
| 4:43 | Create | Villager (Male) |
| 5:20 | Create | Villager (Male) |
| 5:41 | Create | Villager (Male) |
| 5:42 | Create | Villager (Male) |
| 6:00 | Create | Villager (Male) |
| 6:15 | Create | Villager (Male) |
| 6:15 | Create | Villager (Male) |
| 6:32 | Build | Lumber Camp |
| 7:00 | Create | Villager (Male) |
| 7:00 | Create | Villager (Male) |
| 7:00 | Create | Villager (Male) |
| 7:31 | Create | Villager (Male) |
| 7:44 | Create | Villager (Male) |
| 8:13 | Build | Mining Camp |
| 8:18 | Create | Villager (Male) |
| 8:18 | Create | Villager (Male) |
| 8:38 | Create | Villager (Male) |
| 8:38 | Create | Villager (Male) |
| 8:54 | Create | Villager (Male) |
| 9:21 | Create | Villager (Male) |
| 9:21 | Create | Villager (Male) |
| 9:21 | Create | Villager (Male) |
| 9:22 | Create | Villager (Male) |
| 9:48 | Create | Villager (Male) |
| 9:48 | Create | Villager (Male) |
| 9:48 | Create | Villager (Male) |
| 9:48 | Create | Villager (Male) |
| 10:38 | Create | Villager (Male) |
| 10:39 | Create | Villager (Male) |
| 11:14 | Research | Feudal Age |
| 13:14 | Create | Villager (Male) |
| 13:14 | Create | Villager (Male) |
| 13:14 | Create | Villager (Male) |
| 13:28 | Research | Wheelbarrow |
| 13:32 | Research | Double-Bit Axe |
| 13:33 | Research | Horse Collar |
| 14:07 | Build | Market |
| 14:10 | Create | Villager (Male) |
| 14:20 | Build | House |
| 14:22 | Build | House |
| 14:23 | Build | House |
| 14:24 | Build | House |
| 14:26 | Build | House |
| 14:29 | Build | House |
| 14:30 | Build | House |
| 14:36 | Create | Villager (Male) |
| 14:36 | Create | Villager (Male) |
| 14:37 | Create | Villager (Male) |
| 14:37 | Create | Villager (Male) |
| 14:38 | Create | Villager (Male) |
| 15:12 | Create | Villager (Male) |
| 16:10 | Create | Villager (Male) |
| 16:18 | Build | Market |
| 17:06 | Create | Villager (Male) |
| 17:06 | Create | Villager (Male) |
| 17:07 | Create | Villager (Male) |
| 17:07 | Create | Villager (Male) |
| 17:15 | Build | Farm |
| 17:15 | Build | Farm |
| 17:15 | Build | Farm |
| 17:16 | Build | Farm |
| 17:17 | Build | Farm |
| 17:17 | Build | Farm |
| 17:21 | Build | Farm |
| 17:28 | Build | Farm |
| 17:29 | Build | Farm |
| 17:29 | Build | Farm |
| 17:29 | Build | Farm |
| 17:31 | Build | Farm |
| 17:31 | Build | Farm |
| 17:31 | Build | Farm |
| 17:45 | Build | Blacksmith |
| 17:49 | Create | Villager (Male) |
| 18:57 | Create | Villager (Male) |
| 19:43 | Build | Stone Wall |
| 19:50 | Build | Gate |
| 19:53 | Build | Gate |
| 19:57 | Create | Villager (Male) |
| 20:10 | Create | Trade Cart |
| 20:10 | Create | Trade Cart |
| 20:11 | Create | Trade Cart |
| 20:11 | Create | Trade Cart |
| 20:32 | Create | Villager (Male) |
| 20:37 | Research | Castle Age |
| 20:41 | Research | Loom |
| 21:00 | Create | Trade Cart |
| 21:05 | Create | Trade Cart |
| 21:05 | Create | Trade Cart |
| 21:05 | Create | Trade Cart |
| 22:50 | Create | Trade Cart |
| 22:51 | Create | Trade Cart |
| 23:38 | Build | Market |
| 23:54 | Build | Market |
| 23:58 | Create | Villager (Male) |
| 24:01 | Research | Hand Cart |
| 24:03 | Research | Heavy Plow |
| 24:05 | Research | Bow Saw |
| 24:12 | Research | Stone Mining |
| 24:12 | Research | Gold Mining |
| 24:36 | Build | Barracks |
| 24:58 | Build | Castle |
| 25:24 | Create | Spearman |
| 25:24 | Create | Spearman |
| 25:26 | Create | Spearman |
| 25:33 | Create | Villager (Male) |
| 25:34 | Create | Villager (Male) |
| 25:34 | Create | Villager (Male) |
| 25:34 | Create | Villager (Male) |
| 26:05 | Build | Town Center |
| 26:11 | Create | Villager (Male) |
| 26:23 | Create | Villager (Male) |
| 26:24 | Create | Villager (Male) |
| 26:26 | Create | Villager (Male) |
| 26:26 | Create | Villager (Male) |
| 26:45 | Create | Trade Cart |
| 26:45 | Create | Trade Cart |
| 26:45 | Create | Trade Cart |
| 27:17 | Create | Villager (Male) |
| 27:18 | Create | Villager (Male) |
| 27:45 | Create | Villager (Male) |
| 28:03 | Build | Stone Wall |
| 28:14 | Build | Stone Wall |
| 28:20 | Build | Stone Wall |
| 28:23 | Build | Stone Wall |
| 28:28 | Build | Gate |
| 28:30 | Build | Gate |
| 28:33 | Build | Gate |
| 28:38 | Build | Gate |
| 28:42 | Create | Conquistador |
| 28:42 | Create | Conquistador |
Build order — Roarindragon381
First 150 of 631 actions detected
| 0:11 | Create | Villager (Male) |
| 0:11 | Research | Loom |
| 0:11 | Create | Villager (Male) |
| 0:12 | Create | Villager (Male) |
| 0:12 | Create | Villager (Male) |
| 0:12 | Create | Villager (Male) |
| 0:32 | Build | House |
| 1:04 | Build | House |
| 1:26 | Build | House |
| 1:27 | Build | House |
| 2:29 | Create | Villager (Male) |
| 2:29 | Create | Villager (Male) |
| 3:05 | Create | Villager (Male) |
| 4:04 | Create | Villager (Male) |
| 4:04 | Create | Villager (Male) |
| 5:05 | Create | Villager (Male) |
| 5:06 | Create | Villager (Male) |
| 5:06 | Create | Villager (Male) |
| 5:21 | Build | Palisade Wall |
| 5:25 | Build | Palisade Wall |
| 5:30 | Build | Palisade Gate |
| 5:34 | Create | Villager (Male) |
| 5:34 | Create | Villager (Male) |
| 6:01 | Create | Villager (Male) |
| 6:23 | Create | Villager (Male) |
| 7:00 | Create | Villager (Male) |
| 7:00 | Create | Villager (Male) |
| 7:06 | Build | Mill |
| 7:31 | Create | Villager (Male) |
| 8:01 | Build | Lumber Camp |
| 8:09 | Create | Villager (Male) |
| 8:48 | Create | Villager (Male) |
| 9:17 | Build | Lumber Camp |
| 9:34 | Create | Villager (Male) |
| 9:35 | Create | Villager (Male) |
| 9:35 | Create | Villager (Male) |
| 9:36 | Create | Villager (Male) |
| 9:41 | Create | Villager (Male) |
| 9:41 | Create | Villager (Male) |
| 9:47 | Build | House |
| 9:50 | Build | House |
| 10:33 | Create | Villager (Male) |
| 11:06 | Build | House |
| 12:19 | Create | Villager (Male) |
| 12:23 | Research | Feudal Age |
| 12:29 | Build | Mining Camp |
| 14:36 | Build | Watch Tower |
| 14:54 | Build | Mill |
| 14:57 | Create | Villager (Male) |
| 14:58 | Create | Villager (Male) |
| 15:38 | Create | Villager (Male) |
| 15:38 | Create | Villager (Male) |
| 16:37 | Build | Farm |
| 16:39 | Build | Farm |
| 16:40 | Build | Farm |
| 16:44 | Build | Farm |
| 16:46 | Build | Farm |
| 16:50 | Build | Farm |
| 16:51 | Build | Farm |
| 16:52 | Build | Farm |
| 17:05 | Build | Market |
| 17:13 | Build | Blacksmith |
| 17:14 | Create | Villager (Male) |
| 17:15 | Create | Villager (Male) |
| 17:59 | Build | Stone Wall |
| 18:14 | Build | Farm |
| 18:15 | Build | Farm |
| 18:17 | Create | Villager (Male) |
| 18:54 | Research | Castle Age |
| 19:15 | Build | Stone Wall |
| 19:32 | Build | Lumber Camp |
| 19:53 | Create | Villager (Male) |
| 19:53 | Create | Villager (Male) |
| 20:11 | Build | Mining Camp |
| 21:08 | Build | Gate |
| 21:14 | Build | Stone Wall |
| 21:30 | Create | Villager (Male) |
| 23:01 | Create | Villager (Male) |
| 23:01 | Create | Villager (Male) |
| 23:09 | Build | Town Center |
| 23:52 | Build | Town Center |
| 24:01 | Build | House |
| 24:06 | Build | House |
| 24:07 | Build | House |
| 24:08 | Build | House |
| 24:21 | Build | Town Center |
| 24:27 | Create | Villager (Male) |
| 24:28 | Create | Villager (Male) |
| 24:28 | Create | Villager (Male) |
| 24:28 | Create | Villager (Male) |
| 24:28 | Create | Villager (Male) |
| 24:29 | Create | Villager (Male) |
| 24:29 | Create | Villager (Male) |
| 24:51 | Build | Monastery |
| 25:18 | Create | Villager (Male) |
| 25:18 | Create | Villager (Male) |
| 25:19 | Create | Villager (Male) |
| 25:42 | Create | Villager (Male) |
| 25:42 | Create | Villager (Male) |
| 25:42 | Create | Villager (Male) |
| 25:42 | Create | Villager (Male) |
| 25:43 | Create | Villager (Male) |
| 25:43 | Create | Villager (Male) |
| 25:43 | Create | Villager (Male) |
| 25:44 | Create | Villager (Male) |
| 25:44 | Create | Villager (Male) |
| 25:44 | Create | Villager (Male) |
| 25:44 | Create | Villager (Male) |
| 25:45 | Create | Villager (Male) |
| 26:27 | Build | Farm |
| 26:31 | Build | Farm |
| 26:37 | Build | Farm |
| 26:41 | Build | Farm |
| 26:45 | Build | Farm |
| 26:51 | Build | Farm |
| 26:52 | Create | Villager (Male) |
| 26:52 | Create | Villager (Male) |
| 26:52 | Create | Villager (Male) |
| 26:53 | Create | Villager (Male) |
| 26:53 | Create | Villager (Male) |
| 26:53 | Create | Villager (Male) |
| 26:53 | Create | Villager (Male) |
| 26:54 | Create | Villager (Male) |
| 26:55 | Create | Villager (Male) |
| 27:04 | Build | Monastery |
| 27:09 | Create | Monk |
| 27:10 | Create | Monk |
| 27:10 | Create | Monk |
| 27:10 | Create | Monk |
| 27:11 | Create | Monk |
| 27:41 | Build | Barracks |
| 27:57 | Build | House |
| 27:59 | Build | House |
| 28:01 | Build | House |
| 28:02 | Build | House |
| 28:03 | Build | House |
| 28:05 | Build | House |
| 28:27 | Create | Villager (Male) |
| 28:27 | Create | Villager (Male) |
| 28:27 | Create | Villager (Male) |
| 28:28 | Create | Villager (Male) |
| 28:28 | Create | Villager (Male) |
| 28:28 | Create | Villager (Male) |
| 28:29 | Create | Villager (Male) |
| 28:29 | Create | Villager (Male) |
| 28:29 | Create | Villager (Male) |
| 28:35 | Build | Farm |
| 28:40 | Build | Farm |
| 29:25 | Create | Villager (Male) |
| 29:26 | Create | Villager (Male) |
Build order — AE75
First 150 of 888 actions detected
| 0:09 | Build | House |
| 0:12 | Create | Villager (Male) |
| 0:12 | Create | Villager (Male) |
| 0:12 | Create | Villager (Male) |
| 0:13 | Create | Villager (Male) |
| 0:13 | Create | Villager (Male) |
| 1:24 | Build | House |
| 1:25 | Build | House |
| 1:26 | Build | House |
| 2:10 | Create | Villager (Male) |
| 2:58 | Create | Villager (Male) |
| 2:58 | Create | Villager (Male) |
| 3:23 | Build | Lumber Camp |
| 3:29 | Create | Villager (Male) |
| 4:31 | Create | Villager (Male) |
| 4:59 | Create | Villager (Male) |
| 4:59 | Create | Villager (Male) |
| 4:59 | Create | Villager (Male) |
| 5:00 | Create | Villager (Male) |
| 5:29 | Create | Villager (Male) |
| 5:29 | Create | Villager (Male) |
| 5:48 | Build | Mill |
| 6:13 | Create | Villager (Male) |
| 6:14 | Create | Villager (Male) |
| 6:45 | Create | Villager (Male) |
| 7:17 | Create | Villager (Male) |
| 7:17 | Create | Villager (Male) |
| 7:18 | Create | Villager (Male) |
| 8:15 | Create | Villager (Male) |
| 8:16 | Create | Villager (Male) |
| 8:37 | Research | Feudal Age |
| 9:15 | Build | House |
| 9:17 | Build | House |
| 9:18 | Build | House |
| 9:20 | Build | House |
| 9:23 | Build | House |
| 10:21 | Build | Mining Camp |
| 11:01 | Age | Feudal Age |
| 11:03 | Research | Double-Bit Axe |
| 11:08 | Create | Villager (Male) |
| 11:08 | Create | Villager (Male) |
| 11:09 | Create | Villager (Male) |
| 11:09 | Create | Villager (Male) |
| 11:09 | Create | Villager (Male) |
| 11:10 | Create | Villager (Male) |
| 11:28 | Build | Stone Wall |
| 11:35 | Build | Gate |
| 12:16 | Build | Mill |
| 12:27 | Build | Market |
| 12:45 | Build | Market |
| 12:49 | Build | Blacksmith |
| 13:40 | Create | Villager (Male) |
| 13:40 | Create | Villager (Male) |
| 13:41 | Create | Villager (Male) |
| 13:41 | Create | Villager (Male) |
| 13:47 | Create | Villager (Male) |
| 15:01 | Build | Farm |
| 15:08 | Build | Farm |
| 15:36 | Build | Farm |
| 15:49 | Build | House |
| 15:51 | Build | House |
| 15:54 | Build | House |
| 15:56 | Build | House |
| 15:57 | Build | House |
| 15:59 | Build | House |
| 16:00 | Build | House |
| 16:01 | Build | House |
| 16:05 | Build | House |
| 16:38 | Build | Farm |
| 16:39 | Build | Farm |
| 16:40 | Build | Farm |
| 16:46 | Create | Villager (Male) |
| 17:04 | Create | Villager (Male) |
| 17:38 | Build | Stone Wall |
| 17:43 | Build | Gate |
| 17:54 | Build | Farm |
| 17:59 | Research | Castle Age |
| 18:05 | Build | Farm |
| 18:08 | Build | Farm |
| 18:12 | Research | Loom |
| 19:02 | Research | Horse Collar |
| 19:06 | Research | Stone Mining |
| 19:08 | Create | Villager (Male) |
| 20:15 | Research | Wheelbarrow |
| 20:24 | Age | Castle Age |
| 21:16 | Build | Town Center |
| 22:03 | Build | Castle |
| 22:23 | Create | Villager (Male) |
| 22:23 | Create | Villager (Male) |
| 22:39 | Create | Villager (Male) |
| 22:39 | Create | Villager (Male) |
| 24:01 | Create | Villager (Male) |
| 24:01 | Create | Villager (Male) |
| 24:02 | Create | Villager (Male) |
| 24:02 | Create | Villager (Male) |
| 24:02 | Create | Villager (Male) |
| 24:03 | Create | Villager (Male) |
| 24:31 | Build | Castle |
| 24:41 | Create | Villager (Male) |
| 24:41 | Create | Villager (Male) |
| 24:41 | Create | Villager (Male) |
| 25:04 | Create | Villager (Male) |
| 25:04 | Create | Villager (Male) |
| 25:31 | Create | Villager (Male) |
| 25:31 | Create | Villager (Male) |
| 25:31 | Create | Villager (Male) |
| 25:56 | Build | Mining Camp |
| 26:21 | Create | Villager (Male) |
| 26:21 | Create | Villager (Male) |
| 26:21 | Create | Villager (Male) |
| 26:30 | Build | Town Center |
| 26:45 | Create | Villager (Male) |
| 26:48 | Create | Villager (Male) |
| 26:49 | Create | Villager (Male) |
| 27:39 | Build | Farm |
| 27:42 | Build | Farm |
| 27:50 | Build | Farm |
| 27:54 | Create | Villager (Male) |
| 27:55 | Create | Villager (Male) |
| 27:55 | Create | Villager (Male) |
| 27:57 | Create | Villager (Male) |
| 28:03 | Build | Farm |
| 28:10 | Build | Farm |
| 28:14 | Create | Villager (Male) |
| 28:15 | Create | Villager (Male) |
| 28:15 | Create | Villager (Male) |
| 28:15 | Create | Villager (Male) |
| 28:24 | Build | Farm |
| 28:57 | Build | House |
| 28:58 | Build | House |
| 28:59 | Build | House |
| 29:00 | Build | House |
| 29:02 | Build | House |
| 29:04 | Build | House |
| 29:05 | Build | House |
| 29:07 | Build | House |
| 29:11 | Research | Bow Saw |
| 29:21 | Build | Farm |
| 29:22 | Build | Farm |
| 29:24 | Build | Farm |
| 29:25 | Build | Farm |
| 29:27 | Build | Farm |
| 29:28 | Build | Farm |
| 29:32 | Create | Villager (Male) |
| 29:33 | Create | Villager (Male) |
| 29:33 | Create | Villager (Male) |
| 29:33 | Create | Villager (Male) |
| 30:10 | Create | Villager (Male) |
| 30:11 | Create | Villager (Male) |
| 30:11 | Create | Villager (Male) |
Build order — Gamer206229
First 150 of 929 actions detected
| 0:04 | Build | House |
| 0:07 | Build | House |
| 0:07 | Create | Villager (Male) ×4 |
| 1:35 | Create | Villager (Male) |
| 2:42 | Create | Villager (Male) |
| 3:22 | Create | Villager (Male) |
| 3:38 | Create | Villager (Male) |
| 3:55 | Build | Lumber Camp |
| 4:04 | Create | Villager (Male) ×2 |
| 4:17 | Build | House |
| 4:31 | Create | Villager (Male) ×3 |
| 5:11 | Create | Villager (Male) ×2 |
| 6:02 | Create | Villager (Male) |
| 6:24 | Build | Mill |
| 7:01 | Build | House |
| 7:41 | Create | Villager (Male) ×5 |
| 7:59 | Create | Villager (Male) |
| 8:32 | Research | Feudal Age |
| 8:41 | Build | Mining Camp |
| 9:17 | Create | Villager (Male) |
| 10:46 | Build | House |
| 10:49 | Create | Villager (Male) |
| 10:58 | Build | Market |
| 11:36 | Create | Villager (Male) |
| 11:52 | Build | Blacksmith |
| 12:03 | Create | Villager (Male) |
| 13:01 | Research | Castle Age |
| 13:36 | Research | Double-Bit Axe |
| 13:46 | Build | House |
| 13:47 | Build | House |
| 13:47 | Build | House |
| 13:52 | Research | Horse Collar |
| 14:39 | Build | Farm |
| 14:40 | Build | Farm |
| 14:41 | Build | Farm |
| 15:05 | Build | Mining Camp |
| 15:34 | Build | House |
| 15:41 | Create | Villager (Male) |
| 16:12 | Build | House |
| 16:21 | Build | Town Center |
| 16:24 | Create | Villager (Male) |
| 16:42 | Create | Villager (Male) |
| 16:47 | Research | Stone Mining |
| 17:02 | Build | Farm |
| 17:07 | Build | Farm |
| 17:12 | Build | House |
| 17:19 | Create | Villager (Male) |
| 17:46 | Build | Farm |
| 18:02 | Build | House |
| 18:04 | Create | Villager (Male) |
| 18:24 | Create | Villager (Male) |
| 18:29 | Build | Farm |
| 18:39 | Build | Farm |
| 18:41 | Create | Villager (Male) |
| 19:14 | Build | Farm |
| 19:16 | Create | Villager (Male) |
| 19:25 | Build | Farm |
| 19:33 | Create | Villager (Male) |
| 19:46 | Build | Castle |
| 19:49 | Create | Villager (Male) |
| 19:59 | Build | Farm |
| 20:08 | Create | Villager (Male) |
| 20:13 | Build | Farm |
| 20:15 | Create | Villager (Male) |
| 20:26 | Build | Farm |
| 20:37 | Create | Villager (Male) |
| 20:59 | Create | Villager (Male) |
| 20:59 | Create | Villager (Male) |
| 21:15 | Create | Villager (Male) |
| 21:32 | Build | Town Center |
| 21:34 | Create | Villager (Male) |
| 21:35 | Create | Villager (Male) |
| 21:53 | Build | Castle |
| 21:55 | Create | Villager (Male) |
| 22:03 | Create | Villager (Male) |
| 22:09 | Build | Farm |
| 22:35 | Create | Villager (Male) |
| 22:36 | Create | Villager (Male) |
| 23:17 | Create | Villager (Male) |
| 23:17 | Create | Villager (Male) |
| 23:19 | Create | Villager (Male) |
| 23:43 | Create | Villager (Male) |
| 23:44 | Create | Villager (Male) |
| 23:50 | Build | Farm |
| 23:54 | Build | Farm |
| 23:55 | Build | Farm |
| 23:56 | Build | Farm |
| 23:58 | Build | Farm |
| 24:00 | Build | Farm |
| 24:01 | Build | Farm |
| 24:03 | Create | Villager (Male) |
| 24:03 | Create | Villager (Male) |
| 24:36 | Build | Lumber Camp |
| 24:38 | Create | Villager (Male) |
| 24:38 | Create | Villager (Male) |
| 24:38 | Create | Villager (Male) |
| 24:39 | Create | Villager (Male) |
| 24:47 | Research | Gold Mining |
| 24:58 | Build | Mining Camp |
| 25:00 | Create | Villager (Male) |
| 25:10 | Research | Fletching |
| 25:12 | Create | Villager (Male) |
| 25:29 | Build | Farm |
| 25:31 | Build | Farm |
| 25:32 | Create | Villager (Male) |
| 25:33 | Create | Villager (Male) |
| 25:45 | Create | Villager (Male) |
| 25:51 | Build | Siege Workshop |
| 25:53 | Create | Villager (Male) |
| 25:55 | Create | Mangudai |
| 25:55 | Create | Mangudai |
| 25:59 | Create | Villager (Male) |
| 26:05 | Build | Mill |
| 26:08 | Build | Farm |
| 26:09 | Build | Farm |
| 26:09 | Build | Farm |
| 26:09 | Build | Farm |
| 26:11 | Create | Villager (Male) |
| 26:12 | Create | Villager (Male) |
| 26:23 | Build | Farm |
| 26:27 | Create | Villager (Male) |
| 26:30 | Create | Villager (Male) |
| 26:46 | Create | Mangonel |
| 26:55 | Create | Villager (Male) |
| 26:56 | Create | Villager (Male) |
| 27:00 | Research | Bow Saw |
| 27:05 | Create | Villager (Male) |
| 27:20 | Create | Villager (Male) |
| 27:26 | Create | Villager (Male) |
| 27:32 | Build | Mill |
| 27:36 | Build | Farm |
| 27:37 | Build | Farm |
| 27:38 | Build | Farm |
| 27:38 | Build | Farm |
| 27:38 | Build | Farm |
| 27:39 | Build | Farm |
| 27:39 | Build | Farm |
| 27:42 | Create | Villager (Male) |
| 27:42 | Create | Villager (Male) |
| 27:59 | Build | Farm |
| 28:14 | Build | Castle |
| 28:15 | Create | Villager (Male) |
| 28:16 | Create | Villager (Male) |
| 28:23 | Create | Villager (Male) |
| 28:40 | Create | Villager (Male) |
| 28:53 | Create | Villager (Male) |
| 28:53 | Create | Villager (Male) |
| 28:59 | Build | Farm |
| 29:00 | Build | Farm |
| 29:01 | Build | Farm |
Build order — S3r!ousLE3
12 actions detected in the replay
| 0:02 | Create | Villager (Male) ×4 |
| 0:04 | Build | House |
| 0:06 | Build | House |
| 1:32 | Create | Villager (Male) |
| 1:57 | Build | Lumber Camp |
| 2:36 | Create | Villager (Male) |
| 2:36 | Research | Loom |
| 2:37 | Create | Villager (Male) |
| 2:59 | Create | Villager (Male) |
| 3:36 | Create | Villager (Male) |
| 4:12 | Create | Villager (Male) ×2 |
| 5:22 | Create | Villager (Male) ×4 |
Build order — NoThing_LK
First 150 of 572 actions detected
| 0:04 | Create | Villager (Male) |
| 0:04 | Create | Villager (Male) |
| 0:04 | Create | Villager (Male) |
| 0:05 | Create | Villager (Male) |
| 0:05 | Create | Villager (Male) |
| 0:05 | Create | Villager (Male) |
| 0:10 | Build | House |
| 0:12 | Build | House |
| 2:22 | Create | Villager (Male) |
| 2:23 | Create | Villager (Male) |
| 2:23 | Create | Villager (Male) |
| 2:23 | Create | Villager (Male) |
| 2:23 | Create | Villager (Male) |
| 2:56 | Build | Mill |
| 3:32 | Create | Villager (Male) |
| 3:33 | Create | Villager (Male) |
| 3:47 | Create | Villager (Male) |
| 4:07 | Build | House |
| 4:41 | Create | Villager (Male) |
| 4:42 | Create | Villager (Male) |
| 5:06 | Create | Villager (Male) |
| 5:07 | Create | Villager (Male) |
| 5:07 | Create | Villager (Male) |
| 5:58 | Create | Villager (Male) |
| 5:58 | Create | Villager (Male) |
| 6:28 | Create | Villager (Male) |
| 7:43 | Build | House |
| 7:48 | Research | Loom |
| 7:49 | Create | Villager (Male) |
| 7:51 | Create | Villager (Male) |
| 7:55 | Create | Villager (Male) |
| 8:00 | Build | Lumber Camp |
| 8:19 | Build | House |
| 9:25 | Research | Feudal Age |
| 11:01 | Build | House |
| 11:03 | Build | House |
| 11:04 | Build | House |
| 11:05 | Build | House |
| 11:06 | Build | House |
| 11:07 | Build | House |
| 11:08 | Build | House |
| 11:10 | Build | House |
| 11:12 | Build | House |
| 11:13 | Build | House |
| 11:38 | Age | Feudal Age |
| 11:47 | Research | Wheelbarrow |
| 11:47 | Research | Double-Bit Axe |
| 11:50 | Research | Horse Collar |
| 12:12 | Build | Barracks |
| 12:20 | Create | Villager (Male) |
| 12:20 | Create | Villager (Male) |
| 12:21 | Create | Villager (Male) |
| 12:57 | Build | Farm |
| 13:07 | Build | Farm |
| 13:44 | Build | Farm |
| 13:55 | Build | Farm |
| 14:38 | Build | Farm |
| 15:01 | Build | Stable |
| 15:30 | Create | Villager (Male) |
| 15:30 | Create | Villager (Male) |
| 15:31 | Create | Villager (Male) |
| 15:32 | Create | Villager (Male) |
| 15:33 | Create | Villager (Male) |
| 15:33 | Create | Villager (Male) |
| 15:34 | Create | Villager (Male) |
| 15:35 | Create | Villager (Male) |
| 15:37 | Create | Villager (Male) |
| 16:11 | Build | Blacksmith |
| 16:47 | Build | Lumber Camp |
| 16:51 | Create | Villager (Male) |
| 16:52 | Create | Villager (Male) |
| 16:52 | Create | Villager (Male) |
| 16:52 | Create | Villager (Male) |
| 16:53 | Create | Villager (Male) |
| 17:43 | Build | Market |
| 17:56 | Build | Farm |
| 17:58 | Build | Farm |
| 18:04 | Build | Farm |
| 18:15 | Create | Villager (Male) |
| 18:16 | Create | Villager (Male) |
| 18:16 | Create | Villager (Male) |
| 18:16 | Create | Villager (Male) |
| 18:17 | Create | Villager (Male) |
| 18:17 | Create | Villager (Male) |
| 18:17 | Create | Villager (Male) |
| 18:17 | Create | Villager (Male) |
| 18:32 | Build | Farm |
| 18:42 | Build | Stable |
| 18:54 | Research | Scale Barding Armor |
| 19:29 | Build | Farm |
| 19:36 | Build | Farm |
| 20:33 | Build | Farm |
| 20:35 | Build | Farm |
| 20:40 | Build | Farm |
| 20:59 | Build | Farm |
| 21:01 | Build | Farm |
| 21:03 | Build | Farm |
| 21:05 | Build | Farm |
| 21:14 | Research | Bloodlines |
| 21:54 | Build | Mill |
| 21:59 | Build | Outpost |
| 22:06 | Build | Farm |
| 22:51 | Create | Camel Scout |
| 22:52 | Create | Camel Scout |
| 22:52 | Create | Camel Scout |
| 22:54 | Create | Camel Scout |
| 22:55 | Create | Camel Scout |
| 22:57 | Create | Camel Scout |
| 23:05 | Build | Farm |
| 25:04 | Build | Mining Camp |
| 25:12 | Create | Villager (Male) |
| 25:12 | Create | Villager (Male) |
| 25:12 | Create | Villager (Male) |
| 25:13 | Create | Villager (Male) |
| 25:24 | Research | Castle Age |
| 25:49 | Research | Gold Mining |
| 28:18 | Research | Forging |
| 29:32 | Age | Castle Age |
| 30:05 | Research | Heavy Plow |
| 30:09 | Research | Hand Cart |
| 30:16 | Research | Bow Saw |
| 30:24 | Research | Gold Shaft Mining |
| 31:50 | Build | Town Center |
| 32:01 | Build | Town Center |
| 32:04 | Research | Husbandry |
| 32:07 | Research | Chain Barding Armor |
| 32:08 | Research | Iron Casting |
| 32:15 | Research | Town Watch |
| 32:29 | Create | Villager (Male) |
| 32:30 | Create | Villager (Male) |
| 32:30 | Create | Villager (Male) |
| 32:31 | Create | Villager (Male) |
| 32:31 | Create | Villager (Male) |
| 32:32 | Create | Villager (Male) |
| 32:33 | Create | Villager (Male) |
| 32:34 | Create | Villager (Male) |
| 32:35 | Create | Villager (Male) |
| 32:36 | Create | Villager (Male) |
| 33:05 | Build | Town Center |
| 33:58 | Create | Camel Scout |
| 33:58 | Create | Camel Scout |
| 33:58 | Create | Camel Scout |
| 33:59 | Create | Camel Scout |
| 33:59 | Create | Camel Scout |
| 33:59 | Create | Camel Scout |
| 34:00 | Create | Camel Scout |
| 34:00 | Create | Camel Scout |
| 34:00 | Create | Camel Scout |
| 34:03 | Create | Camel Scout |
| 34:09 | Create | Camel Scout |
Build order — guinui801008
First 150 of 1047 actions detected
| 0:02 | Create | Villager (Male) |
| 0:02 | Research | Loom |
| 0:02 | Create | Villager (Male) |
| 0:02 | Create | Villager (Male) |
| 0:03 | Create | Villager (Male) |
| 0:03 | Create | Villager (Male) |
| 0:08 | Build | House |
| 0:09 | Build | House |
| 0:10 | Build | House |
| 0:10 | Build | House |
| 1:23 | Create | Villager (Male) |
| 1:23 | Create | Villager (Male) |
| 3:10 | Create | Villager (Male) |
| 3:10 | Create | Villager (Male) |
| 3:10 | Create | Villager (Male) |
| 3:10 | Create | Villager (Male) |
| 3:11 | Create | Villager (Male) |
| 3:43 | Create | Villager (Male) |
| 3:44 | Create | Villager (Male) |
| 3:51 | Create | Villager (Male) |
| 3:51 | Create | Villager (Male) |
| 4:25 | Create | Villager (Male) |
| 4:25 | Create | Villager (Male) |
| 4:26 | Create | Villager (Male) |
| 5:00 | Create | Villager (Male) |
| 5:23 | Create | Villager (Male) |
| 5:24 | Create | Villager (Male) |
| 5:38 | Create | Villager (Male) |
| 5:38 | Create | Villager (Male) |
| 5:38 | Create | Villager (Male) |
| 6:01 | Create | Villager (Male) |
| 6:01 | Create | Villager (Male) |
| 6:20 | Create | Villager (Male) |
| 6:20 | Create | Villager (Male) |
| 6:41 | Create | Villager (Male) |
| 6:41 | Create | Villager (Male) |
| 6:41 | Create | Villager (Male) |
| 7:06 | Build | Lumber Camp |
| 7:27 | Build | Mill |
| 8:09 | Create | Villager (Male) |
| 8:10 | Create | Villager (Male) |
| 8:10 | Create | Villager (Male) |
| 9:34 | Build | Mining Camp |
| 9:34 | Research | Feudal Age |
| 11:46 | Research | Wheelbarrow |
| 11:49 | Research | Horse Collar |
| 11:49 | Research | Horse Collar |
| 11:49 | Research | Double-Bit Axe |
| 12:00 | Age | Feudal Age |
| 12:07 | Build | Market |
| 13:10 | Build | Blacksmith |
| 13:15 | Build | House |
| 13:16 | Build | House |
| 13:16 | Build | House |
| 13:16 | Build | House |
| 13:17 | Build | House |
| 13:17 | Build | House |
| 13:17 | Build | House |
| 14:07 | Research | Bow Saw |
| 14:17 | Research | Castle Age |
| 14:17 | Research | Castle Age |
| 14:17 | Research | Castle Age |
| 14:34 | Research | Heavy Plow |
| 15:40 | Research | Gold Mining |
| 15:40 | Research | Stone Mining |
| 16:10 | Research | Hand Cart |
| 16:10 | Research | Hand Cart |
| 16:46 | Create | Villager (Male) |
| 16:46 | Create | Villager (Male) |
| 16:47 | Create | Villager (Male) |
| 16:47 | Create | Villager (Male) |
| 16:47 | Create | Villager (Male) |
| 16:47 | Create | Villager (Male) |
| 16:57 | Age | Castle Age |
| 17:16 | Build | Town Center |
| 18:33 | Build | Farm |
| 18:35 | Build | Farm |
| 18:35 | Build | Farm |
| 18:37 | Build | Farm |
| 18:38 | Build | Farm |
| 18:39 | Build | Farm |
| 18:44 | Build | Farm |
| 18:46 | Build | Farm |
| 18:51 | Build | Farm |
| 19:23 | Build | Town Center |
| 19:29 | Create | Villager (Male) |
| 19:29 | Create | Villager (Male) |
| 19:29 | Create | Villager (Male) |
| 19:29 | Create | Villager (Male) |
| 19:30 | Create | Villager (Male) |
| 19:30 | Create | Villager (Male) |
| 20:18 | Build | University |
| 20:23 | Build | Monastery |
| 20:44 | Build | Lumber Camp |
| 20:57 | Create | Villager (Male) |
| 20:59 | Create | Villager (Male) |
| 21:18 | Create | Villager (Male) |
| 21:19 | Create | Villager (Male) |
| 21:22 | Create | Villager (Male) |
| 21:22 | Create | Villager (Male) |
| 21:38 | Build | Farm |
| 21:39 | Build | Farm |
| 21:40 | Build | Farm |
| 21:41 | Build | Farm |
| 21:42 | Build | Farm |
| 21:46 | Build | Farm |
| 21:49 | Create | Villager (Male) |
| 21:49 | Create | Villager (Male) |
| 21:52 | Create | Villager (Male) |
| 21:52 | Create | Villager (Male) |
| 21:59 | Create | Villager (Male) |
| 21:59 | Create | Villager (Male) |
| 22:29 | Build | Farm |
| 22:35 | Create | Villager (Male) |
| 22:35 | Create | Villager (Male) |
| 22:43 | Create | Villager (Male) |
| 22:43 | Create | Villager (Male) |
| 22:45 | Create | Villager (Male) |
| 22:45 | Create | Villager (Male) |
| 23:01 | Create | Villager (Male) |
| 23:02 | Create | Villager (Male) |
| 23:02 | Create | Villager (Male) |
| 23:15 | Build | Farm |
| 23:25 | Create | Villager (Male) |
| 23:25 | Create | Villager (Male) |
| 23:26 | Create | Villager (Male) |
| 23:34 | Build | House |
| 23:35 | Build | House |
| 23:37 | Build | House |
| 23:37 | Build | House |
| 23:38 | Build | House |
| 23:39 | Build | House |
| 23:40 | Build | House |
| 23:44 | Build | House |
| 23:46 | Build | House |
| 23:48 | Create | Villager (Male) |
| 23:48 | Create | Villager (Male) |
| 23:49 | Create | Villager (Male) |
| 23:49 | Create | Villager (Male) |
| 23:49 | Create | Villager (Male) |
| 24:17 | Build | Farm |
| 24:19 | Create | Villager (Male) |
| 24:19 | Create | Villager (Male) |
| 24:20 | Create | Villager (Male) |
| 24:24 | Create | Villager (Male) |
| 24:25 | Create | Villager (Male) |
| 24:29 | Create | Villager (Male) |
| 24:29 | Create | Villager (Male) |
| 24:30 | Create | Villager (Male) |
| 24:41 | Build | Farm |
Match timeline
| 5:21 | Roarindragon381 · wall_segment Palisade Wall x16 |
| 5:25 | Roarindragon381 · wall_segment Palisade Wall x15 |
| 5:41 | S3r!ousLE3 · resign |
| 11:01 | AE75 · age_up feudal |
| 11:28 | AE75 · wall_segment Stone Wall x28 |
| 11:38 | NoThing_LK · age_up feudal |
| 12:00 | guinui801008 · age_up feudal |
| 12:12 | NoThing_LK · first_building Barracks |
| 12:58 | Gamer206229 · first_market_sell 100 wood |
| 13:00 | Gamer206229 · first_market_buy 100 food |
| 13:19 | Nurz · age_up feudal |
| 15:01 | NoThing_LK · first_building Stable |
| 16:49 | AE75 · first_market_buy 100 food |
| 16:57 | guinui801008 · age_up castle |
| 17:38 | AE75 · wall_segment Stone Wall x29 |
| 17:59 | Roarindragon381 · wall_segment Stone Wall x14 |
| 18:42 | Nurz · age_up castle |
| 19:08 | NoThing_LK · first_market_sell 100 wood |
| 19:15 | Roarindragon381 · wall_segment Stone Wall x18 |
| 19:43 | PrawnUnit4591 · wall_segment Stone Wall x33 |
| 19:46 | Gamer206229 · first_building Castle |
| 20:23 | guinui801008 · first_building Monastery |
| 20:24 | AE75 · age_up castle |
| 21:14 | Roarindragon381 · wall_segment Stone Wall x16 |
| 22:03 | AE75 · first_building Castle |
| 24:36 | PrawnUnit4591 · first_building Barracks |
| 24:51 | Roarindragon381 · first_building Monastery |
| 24:58 | PrawnUnit4591 · first_building Castle |
| 25:51 | Gamer206229 · first_building Siege Workshop |
| 26:50 | Nurz · first_building Castle |
| 27:41 | Roarindragon381 · first_building Barracks |
| 28:03 | PrawnUnit4591 · wall_segment Stone Wall x21 |
| 28:14 | PrawnUnit4591 · wall_segment Stone Wall x21 |
| 28:20 | PrawnUnit4591 · wall_segment Stone Wall x9 |
| 28:23 | PrawnUnit4591 · wall_segment Stone Wall x17 |
| 29:20 | Nurz · first_building Monastery |
| 29:32 | NoThing_LK · age_up castle |
| 29:58 | Roarindragon381 · first_building Castle |
| 30:04 | Gamer206229 · first_building Monastery |
| 30:06 | PrawnUnit4591 · first_market_buy 100 wood |
| 30:24 | guinui801008 · first_building Castle |
| 30:58 | AE75 · first_building Siege Workshop |
| 31:53 | Gamer206229 · first_building Barracks |
| 32:04 | PrawnUnit4591 · first_building Siege Workshop |
| 32:41 | Gamer206229 · first_building Stable |
| 32:58 | NoThing_LK · first_market_buy 100 stone |
| 34:00 | Nurz · first_building Barracks |
| 34:03 | guinui801008 · age_up imperial |
| 34:07 | Nurz · first_building Siege Workshop |
| 34:48 | AE75 · age_up imperial |
| 35:28 | Nurz · age_up imperial |
| 35:39 | Nurz · first_building Stable |
| 36:06 | PrawnUnit4591 · first_building Stable |
| 36:19 | PrawnUnit4591 · first_building Archery Range |
| 36:29 | Roarindragon381 · first_building Archery Range |
| 38:29 | AE75 · first_building Barracks |
| 40:22 | PrawnUnit4591 · first_market_sell 500 wood |
| 41:25 | PrawnUnit4591 · wall_segment Stone Wall x5 |
| 42:38 | Roarindragon381 · first_market_buy 100 wood |
| 43:07 | Roarindragon381 · first_building Siege Workshop |
| 43:54 | Roarindragon381 · first_market_sell 100 wood |
| 48:02 | NoThing_LK · first_building Castle |
| 48:14 | AE75 · wall_segment Stone Wall x7 |
| 48:42 | NoThing_LK · first_building Siege Workshop |
| 50:51 | guinui801008 · first_building Siege Workshop |
| 54:12 | NoThing_LK · age_up imperial |
| 55:07 | Roarindragon381 · wall_segment Stone Wall x1 |
| 59:27 | AE75 · first_building Archery Range |
| 60:36 | PrawnUnit4591 · wall_segment Stone Wall x17 |
| 60:40 | PrawnUnit4591 · wall_segment Stone Wall x3 |
| 60:42 | PrawnUnit4591 · wall_segment Stone Wall x11 |
| 60:46 | PrawnUnit4591 · wall_segment Stone Wall x11 |
| 62:38 | guinui801008 · first_market_sell 500 wood |
| 63:42 | AE75 · wall_segment Stone Wall x6 |
| 71:12 | Gamer206229 · wall_segment Stone Wall x1 |
| 71:23 | Gamer206229 · wall_segment Stone Wall x2 |
| 71:31 | Roarindragon381 · wall_segment Stone Wall x12 |
| 71:49 | PrawnUnit4591 · wall_segment Stone Wall x9 |
| 73:03 | AE75 · wall_segment Stone Wall x8 |
| 78:29 | PrawnUnit4591 · wall_segment Stone Wall x4 |
| 79:00 | AE75 · wall_segment Stone Wall x7 |
| 80:33 | Roarindragon381 · wall_segment Stone Wall x8 |
| 81:32 | AE75 · wall_segment Stone Wall x7 |
[ AI ANALYSIS · 1 CREDIT ]
What really happened in this match?
Wolo.gg analyzes every decision: build order, eco, micro, common mistakes by bracket. Personalized analysis on WhatsApp or Discord in 30 seconds.
Civ guide
Koreans
Map guide
Amazon Tunnel
Perfil
Jugador #22831731